 Dungeon Crawl Stone Soup version 0.23.2 (webtiles) character file.

Game seed: 16333365083715782733

3338 cklessthan3 the Thaumaturge (level 9, -8/100 (102) HPs)
             Began as a White Draconian Earth Elementalist on Apr 5, 2019.
             Was a Believer of Ru.
             Mangled by a freezing wraith (10 damage)
             ... led by a death knight
             ... on level 9 of the Dungeon.
             The game lasted 01:02:38 (9289 turns).

cklessthan3 the Thaumaturge (DrEE)                  Turns: 9289, Time: 01:02:39

HP:   -8/100 (102)  AC: 11    Str: 17    XL:     9   Next: 72%
MP:   15/22         EV: 14    Int: 19    God:    Ru [**....]
Gold: 261           SH:  0    Dex: 12    Spells: 11/26 levels left

rFire    . . .     SeeInvis .   A - +2 trident (freeze)
rCold    + . .     Gourm    .   (no shield)
rNeg     . . .     Faith    +   (armour unavailable)
rPois    .         Spirit   .   (helmet restricted)
rElec    .         Reflect  .   l - +2 cloak
rCorr    .         Harm     .   (no gloves)
MR       .....                  (no boots)
Stlth    ..........             p - amulet of faith
HPRegen  0.26/turn              j - +2 ring of strength
MPRegen  0.18/turn              o - +1 ring of protection

@: berserking, very quick
A: breathe frost, unfitting armour, cold resistance 1, cold-blooded,
inexperienced 1, AC +7
a: Breathe Frost, Renounce Religion


You were on level 9 of the Dungeon.
You worshipped Ru.
Ru was pleased with you.
You were not hungry.

You visited 2 branches of the dungeon, and saw 10 of its levels.

You collected 485 gold pieces.
You spent 224 gold pieces at shops.

Inventory:

Hand Weapons
 y - a +1 dire flail of holy wrath
 A - a +2 trident of freezing (weapon)
Missiles
 x - 60 stones (quivered)
Armour
 l - a +2 cloak (worn)
Jewellery
 j - a +2 ring of strength (left hand)
 o - a +1 ring of protection (right hand)
 p - an amulet of faith (around neck)
 r - an uncursed amulet of regeneration
 w - a +3 ring of intelligence {unknown}
Wands
 b - a wand of enslavement (8)
 m - a wand of flame (4)
 t - a wand of acid (17)
 z - a wand of paralysis (12)
Scrolls
 a - 3 scrolls of enchant armour
 e - 3 scrolls of remove curse
 k - 3 scrolls of amnesia
 n - a scroll of teleportation
 q - a scroll of noise {unknown}
 v - a scroll of brand weapon {unknown}
 B - a scroll of magic mapping {unknown}
Potions
 d - a potion of cancellation {unknown}
 f - a potion of haste
 g - 5 potions of lignification
 h - a potion of brilliance {unknown}
 i - 2 potions of berserk rage
 s - 2 potions of curing {unknown}
 u - a potion of might {unknown}
 C - a potion of flight {unknown}
 E - a potion of degeneration {unknown}
Miscellaneous
 D - a lightning rod (3/4)
Comestibles
 c - 9 rations


   Skills:
 + Level 2.9 Fighting
 + Level 1.4 Polearms
 + Level 5.3 Dodging
 + Level 4.0 Stealth
 - Level 4.3 Unarmed Combat
 + Level 9.2 Spellcasting
 + Level 5.2 Conjurations
 + Level 1.0 Transmutations
 + Level 8.9 Earth Magic
 + Level 3.6 Evocations


You had 11 spell levels left.
You knew the following spells:

 Your Spells              Type           Power        Failure   Level  Hunger
a - Sandblast             Erth           #####.       1%          1    None
b - Stone Arrow           Conj/Erth      #####.       1%          3    None
c - Petrify               Tmut/Erth      ####....     11%         4    ###....
d - Passwall              Tmut/Erth      ####....     1%          2    None
e - Lee's Rapid Deconstr  Erth           #####.....   5%          5    #####..

Your spell library contained the following spells:

 Spells                   Type           Power        Failure   Level  Hunger
 Animate Skeleton         Necr           N/A          9%          1    None
 Apportation              Tloc           #.....       9%          1    None
 Confusing Touch          Hex            #.....       9%          1    None
 Summon Small Mammal      Summ           #...         9%          1    None
 Malign Gateway           Summ/Tloc      #.........   100%        7    #######
 Monstrous Menagerie      Summ           #.........   100%        7    #######
 Summon Greater Demon     Summ           #.........   100%        7    #######
 Summon Horrible Things   Summ           #.........   100%        8    #######


Dungeon Overview and Level Annotations

Branches:
Dungeon (9/15)             Temple (1/1) D:7
   Lair: D:8-11         Orc: D:9-12

Altars:
Ashenzari
Cheibriados
Fedhas
Hepliaklqana
Kikubaaqudgha
Makhleb
Nemelex Xobeh
Ru
Wu Jian
Zin
The Shining One

Shops:
D:7 ?

Annotations:
D:7 exclusion: orc priest


Innate Abilities, Weirdness & Mutations

You can breathe waves of freezing cold.
You can buffet flying creatures when you breathe cold.
Your icy white scales are hard. (AC +7)
You cannot fit into any form of body armour.
Your flesh is cold resistant. (rC+)
You are cold-blooded and may be slowed by cold attacks.
You are somewhat inexperienced. (-2 XL)


Message History

The death knight is severely wounded.
You are too berserk!
You barely miss the death knight.
The death knight is severely wounded.
The death knight barely misses you.
You puncture the death knight! You freeze the death knight!
You kill the death knight!
Your Stealth skill increases to level 4!
You barely miss the freezing wraith.
The freezing wraith is moderately damaged.
You have got your breath back.
You hit the freezing wraith. You punch the freezing wraith.
The freezing wraith is heavily damaged.
The freezing wraith barely misses you. x2
You puncture the freezing wraith! You tail-slap the freezing wraith.
The freezing wraith is almost destroyed.
The freezing wraith hits you!
* * * LOW HITPOINT WARNING * * *
The freezing wraith freezes you! You resist.
You die...

.......................
.............##'#######.#
.............#........#.#
.............##.......#.#
..######......#.......#.#
..#....#......#.......#.#########
..#....'......#.......#..........
..#....#......#######'#..........
.))..).#........@Wzzo{...........
..######.....###'####o...........
.............#......###'#####....
####.........#..............# ...
#.........##.............# ..
#..........#.............# .
#...#####..#.............#
#...#...#..###############
#...#...#..............


You could see 2 skeletal warriors, a freezing wraith and 2 orcs.

Vanquished Creatures
  4 two-headed ogres
  A death knight (D:9)
  An ugly thing (D:8)
  A freezing wraith (D:9)
  A hippogriff (D:8)
  A wyvern (D:8)
  Sigmund (D:5)
  A hungry ghost (D:8)
  A necrophage (D:9)
  An orc warrior (D:9)
  3 sky beasts
  A phantom (D:5)
  An ogre (D:7)
  4 centaurs
  5 bullfrogs
  4 scorpions
  A water moccasin skeleton (D:6)
  A howler monkey (D:8)
  3 crimson imps
  A centaur zombie (D:7)
  2 jellies
  5 orc priests
  3 centaur skeletons
  9 orc wizards
  3 hounds
  A bullfrog skeleton (D:9)
  An iguana (D:8)
  9 worker ants
  A hound skeleton (D:8)
  5 gnolls
  11 adders
  10 river rats (D:6)
  5 shadow imps
  2 oozes
  2 adder skeletons
  2 adder zombies
  A worm (D:5)
  2 dart slugs
  6 leopard geckos
  29 orcs
  A ball python (D:1)
  5 bats
  3 giant cockroaches
  3 goblins
  7 hobgoblins
  10 jackals
  6 kobolds
  6 quokkas (D:6)
  5 frilled lizards
  A jackal zombie (D:6)
  A quokka skeleton (D:5)
  23 rats
217 creatures vanquished.

Notes
Turn   | Place    | Note
-------+----------+-------------------------------------------
     0 | D:1      | cklessthan3 the Draconian Earth Elementalist began the
                  | quest for the Orb.
     0 | D:1      | Reached XP level 1. HP: 14/14 MP: 3/3
    71 | D:1      | Reached XP level 2. HP: 15/20 MP: 5/5
   346 | D:1      | Reached skill level 1 in Unarmed Combat
   346 | D:1      | Reached XP level 3. HP: 19/26 MP: 1/6
  1132 | D:2      | Learned a level 3 spell: Stone Arrow
  1207 | D:2      | Reached skill level 3 in Spellcasting
  1207 | D:2      | Reached XP level 4. HP: 32/33 MP: 5/8
  2130 | D:4      | Reached XP level 5. HP: 19/38 MP: 0/10
  2471 | D:4      | Reached skill level 4 in Spellcasting
  2913 | D:5      | Entered Level 5 of the Dungeon
  2967 | D:5      | Noticed a centaur
  2970 | D:5      | Reached skill level 5 in Earth Magic
  2970 | D:5      | Reached XP level 6. HP: 28/45 MP: 9/12
  3272 | D:5      | Noticed Sigmund
  3277 | D:5      | Killed Sigmund
  3277 | D:5      | Your scales start taking on an icy white colour.
  3277 | D:5      | Reached XP level 7. HP: 51/51 MP: 9/14
  3277 | D:5      | Gained mutation: Your flesh is cold resistant. (rC+) [White
                  | Draconian growth]
  3289 | D:5      | Reached skill level 5 in Spellcasting
  3407 | D:5      | Learned a level 4 spell: Petrify
  3410 | D:5      | Learned a level 2 spell: Passwall
  3416 | D:5      | Learned a level 5 spell: Lee's Rapid Deconstruction
  4328 | D:6      | Reached XP level 8. HP: 50/58 MP: 1/16
  4350 | D:6      | Reached skill level 6 in Spellcasting
  4832 | D:6      | Reached skill level 1 in Fighting
  5418 | D:7      | Found Josh's Magic Scroll Boutique.
  5423 | D:7      | Bought a scroll of enchant armour for 112 gold pieces
  5423 | D:7      | Bought a scroll of enchant armour for 112 gold pieces
  5551 | D:7      | Reached skill level 1 in Conjurations
  6250 | D:7      | Found a staircase to the Ecumenical Temple.
  6372 | Temple   | Entered the Ecumenical Temple
  6400 | Temple   | Became a worshipper of Ru the Awakened
  6491 | D:7      | Reached XP level 9. HP: 61/67 MP: 12/19
  6765 | D:7      | Reached skill level 7 in Spellcasting
  7169 | D:8      | Noticed a two-headed ogre
  7180 | D:8      | Killed a two-headed ogre
  7258 | D:8      | Found a large runed translucent door.
  7259 | D:8      | Found a large runed translucent door.
  7451 | D:8      | Reached skill level 8 in Spellcasting
  7522 | D:8      | Noticed a purple ugly thing
  7558 | D:8      | Killed a purple ugly thing
  7558 | D:8      | Reached skill level 1 in Evocations
  7728 | D:8      | Reached XP level 10. HP: 71/74 MP: 3/22
  7732 | D:8      | Found a large runed translucent door.
  7732 | D:8      | Found a large runed translucent door.
  7785 | D:8      | Noticed a two-headed ogre
  7813 | D:8      | Killed a two-headed ogre
  7813 | D:8      | Reached skill level 5 in Dodging
  8813 | D:9      | Noticed a two-headed ogre
  8819 | D:9      | Killed a two-headed ogre
  8825 | D:9      | Gained mutation: You are somewhat inexperienced. (-2 XL)
                  | [Ru sacrifice]
  8825 | D:9      | Reached XP level 9. HP: 68/68 MP: 8/21
  8825 | D:9      | Reached XP level 8. HP: 62/62 MP: 8/20
  8825 | D:9      | Reached * piety under Ru
  8825 | D:9      | Reached ** piety under Ru
  8896 | D:9      | Found a sparkling altar of Nemelex Xobeh.
  9253 | D:9      | Noticed a skeletal warrior
  9253 | D:9      | Noticed a two-headed ogre
  9255 | D:9      | Noticed a death knight
  9257 | D:9      | Noticed a skeletal warrior
  9259 | D:9      | Noticed a freezing wraith
  9260 | D:9      | Noticed a freezing wraith
  9278 | D:9      | Killed a two-headed ogre
  9278 | D:9      | Reached skill level 1 in Polearms
  9278 | D:9      | Reached skill level 9 in Spellcasting
  9278 | D:9      | Reached XP level 9. HP: 37/67 MP: 13/22
  9280 | D:9      | Killed a freezing wraith
  9280 | D:9      | Reached skill level 5 in Conjurations
  9286 | D:9      | Killed a death knight
  9289 | D:9      | HP: 2/100 [freezing wraith[a death knight] (9)]
  9289 | D:9      | Mangled by a freezing wraith

Skill      XL: |  1  2  3  4  5  6  7  8  9 10 |
---------------+-------------------------------+-----
Unarmed Combat | 1 3 4 |  4.3
Stealth        | 2 3 4 |  4.0
Dodging        | 2 3 4 5 |  5.3
Spellcasting   | 3 4 5 9 8 |  9.2
Earth Magic    | 4 5 6 7 8 |  8.9
Fighting       | 1 2 |  2.9
Conjurations   | 1 5 4 |  5.2
Evocations     | 1 3 |  3.6
Polearms       | 1 |  1.4
Transmutations | |  1.0

Action                   |  1- 3 |  4- 6 |  7- 9 | 10-12 || total
-------------------------+-------+-------+-------+-------++-------
Melee: Unarmed           |    43 |    20 |   208 |    16 ||   287
       Tailslap          |     2 |       |    25 |     3 ||    30
       Trident           |       |       |    12 |     7 ||    19
       Punch             |       |       |     3 |       ||     3
 Cast: Sandblast         |    48 |    62 |    89 |     2 ||   201
       Stone Arrow       |       |     3 |   100 |    24 ||   127
       Petrify           |       |       |     3 |       ||     3
Invok: Sacrifice Experie |       |       |     1 |       ||     1
 Abil: Breathe Frost     |       |       |    15 |     1 ||    16
Evoke: Wand              |       |       |    31 |     7 ||    38
       Lightning rod     |       |       |     1 |       ||     1
  Use: Potion            |       |     1 |     5 |       ||     6
       Scroll            |       |       |    13 |     1 ||    14
 Stab: Petrifying        |       |       |     1 |       ||     1
       Sleeping          |       |       |     1 |       ||     1
       Distracted        |       |       |       |     1 ||     1
  Eat: Ration            |     1 |     2 |     7 |     1 ||    11
Armor: Skin              |    20 |    23 |    93 |    10 ||   146
Dodge: Dodged            |    42 |    27 |   169 |    16 ||   254
